 Dungeon Crawl Stone Soup version 0.27-a0-901-g8736458e1e (webtiles) character file.

Game seed: 7364061391659051968

714826 Ijustatesigmund the Demonic Aeon (level 27, -13/233 HPs)
             Began as a Demonspawn Fighter on Mar 26, 2021.
             Was the Champion of Cheibriados.
             Killed from afar by an orb of fire (107 damage)
             ... with a fireball
             ... on level 5 of the Realm of Zot on Apr 6, 2021.
             The game lasted 03:32:17 (62086 turns).

Ijustatesigmund the Demonic Aeon (DsFi)            Turns: 62086, Time: 03:32:17

Health: -13/233    AC:  0    Str: 29      XL:     27
Magic:  12/40      EV: 40    Int: 30      God:    Cheibriados [******]
Gold:   7508       SH:  5    Dex: 33 (34) Spells: 17/26 levels left

rFire    . . .     SeeInvis .   (weapon currently unavailable)
rCold    . . .     Faith    .   (shield currently unavailable)
rNeg     . . .     Spirit   .   (armour currently unavailable)
rPois    .         Reflect  +   (helmet currently unavailable)
rElec    .         Harm     .   (cloak currently unavailable)
rCorr    .         Rampage  .   (gloves currently unavailable)
Will     ++...     Rnd*Rage +   (boots unavailable) Stlth ++........Rnd*Tele +
                                h - amulet of reflection
HPRegen  6.48/turn              (ring currently unavailable)
MPRegen  0.27/turn              (ring currently unavailable)

@: mighty, agile, about to teleport, pig-form, studying Spellcasting, very slow
A: fast, no casting, small, (hooves 3), (cold resistance 1), passive freeze,
powered by death 3, powered by pain 3, freezing cloud immunity, (sharp scales
3), berserk 1, deterioration 1, regeneration 2, teleportitis 1, weak 2,
MP-powered wands, (sturdy frame 1)
}: 4/15 runes: serpentine, barnacled, slimy, silver
a: Renounce Religion, Bend Time, Temporal Distortion, Slouch, Step From Time


You were on level 5 of the Realm of Zot.
You worshipped Cheibriados.
Cheibriados was exalted by your worship.
You were a filthy swine.
You visited 11 branches of the dungeon, and saw 55 of its levels.
You visited the Abyss 4 times.
You also visited: Trove, Ossuary, Ice Cave and Wizlab.

You collected 12273 gold pieces.
You spent 4765 gold pieces at shops.

Inventory:

Hand Weapons
 q - a +9 broad axe of flaming
 G - the +8 broad axe of Conscience {flame, *Noise Str+4 Stlth+}
   (You found it in a treasure trove)

   It has been specially enchanted to burn those struck by it, causing extra
   injury to most foes and up to half again as much damage against particularly
   susceptible opponents.
   Big, fiery blades are also staple armaments of hydra-hunters.
   It affects your strength (+4).
   It may make noises in combat.
   It makes you more stealthy.
 X - a +7 broad axe of draining
 Z - the +7 war axe "Catsiunt" (melded) {vamp, rElec Str+5 Int-5 Dex+2}
   (You found it on level 6 of the Lair of Beasts)

   It inflicts no extra harm, but heals its wielder when it wounds a living foe.
   It affects your strength (+5).
   It affects your intelligence (-5).
   It affects your dexterity (+2).
   It insulates you from electricity.
Missiles
 w - 7 throwing nets
 A - 17 silver javelins
 Q - a curare-tipped dart
Armour
 c - a +5 kite shield (melded)
 i - a +2 helmet of see invisible (melded)
 l - +10 pearl dragon scales (melded)
 m - the +4 dragonskin cloak (melded)
   (You took it off Tiamat on level 4 of the Realm of Zot)
 I - a +2 pair of gloves of archery (melded)
 V - a +2 cloak of preservation
Jewellery
 b - a ring of protection from cold
 e - a +4 ring of slaying
 h - an amulet of reflection (around neck)
 s - a ring of protection from cold
 y - a ring of positive energy
 D - the ring of the Fifty Tables {Str+6 Slay+2}
   (You took it off a deep elf pyromancer on level 3 of the Elven Halls)

   [ring of strength]

   It affects your strength (+6).
   It affects your accuracy and damage with ranged weapons and melee attacks
   (+2).
 F - the ring of Voff {Ice Int+8}
   (You found it on level 7 of the Dungeon)

   [ring of ice]

   It enhances your ice magic.
   It affects your intelligence (+8).
   It makes you vulnerable to fire.
   It protects you from cold.
 K - the ring "Tygur" (melded) {rF+ Will- AC+4 Str+2}
   (You found it on level 2 of the Lair of Beasts)

   [ring of protection]

   It affects your AC (+4).
   It affects your strength (+2).
   It protects you from fire.
   It decreases your willpower.
 N - a ring of protection from fire (melded)
 R - the ring of Zuit {Str+2 SInv}
   (You found it on level 5 of the Pits of Slime)

   [ring of see invisible]

   It affects your strength (+2).
   It lets you see invisible.
 T - the ring of Reunge Tig {rElec EV+4}
   (You found it on level 4 of the Shoals)

   [ring of evasion]

   It affects your evasion (+4).
   It insulates you from electricity.
Wands
 x - a wand of acid (28)
 E - a wand of flame (93)
 H - a wand of mindburst (47)
 L - a wand of digging (26)
 O - a wand of charming (12)
 W - a wand of iceblast (46)
Scrolls
 d - 6 scrolls of magic mapping
 o - 7 scrolls of immolation
 r - 19 scrolls of teleportation
 B - 5 scrolls of blinking
 C - 6 scrolls of fog
 M - 38 scrolls of identify
 P - 3 scrolls of summoning
 S - 5 scrolls of fear
 Y - 3 scrolls of silence
Potions
 f - a potion of attraction
 g - 13 potions of brilliance
 j - 8 potions of cancellation
 k - 4 potions of resistance
 n - 9 potions of flight
 p - 4 potions of invisibility
 t - 5 potions of might
 v - 4 potions of magic
 z - 15 potions of curing
 J - 12 potions of heal wounds
 U - 2 potions of ambrosia
Miscellaneous
 a - a condenser vane


   Skills:
 + Level 22.4 Fighting
 + Level 21.3 Axes
 - Level 9.0 Throwing
 - Level 16.3 Armour
 - Level 15.3 Dodging
 - Level 17.1 Shields
 - Level 9.4 Necromancy
 - Level 13.3 Earth Magic
 O Level 27 Invocations
 - Level 10.1 Evocations


You had 17 spell levels left.
You knew the following spells:

 Your Spells              Type           Power      Damage    Failure   Level
a - Passwall              Tmut/Erth      32%        N/A       1%          2
b - Lee's Rapid Deconstr  Erth           34%        3d18*     1%          5
c - Corpse Rot            Necr/Air       N/A        N/A       2%          2

Your spell library contained the following spells:

 Spells                   Type           Power      Damage    Failure   Level
 Animate Skeleton         Necr           100%       N/A       1%          1
 Sandblast                Erth           100%       2d20      1%          1
 Sublimation of Blood     Necr           27%        N/A       1%          2
 Stone Arrow              Conj/Erth      78%        3d11      1%          3
 Vampiric Draining        Necr           27%        2d9       1%          3
 Dispel Undead            Necr           54%        3d20      1%          4
 Leda's Liquefaction      Hex/Erth       19%        N/A       6%          4
 Petrify                  Tmut/Erth      39%        N/A       6%          4
 Agony                    Necr           54%        N/A       6%          5
 Excruciating Wounds      Necr           27%        N/A       6%          5
 Beastly Appendage        Tmut           0%         N/A       10%         1
 Corona                   Hex            0%         N/A       10%         1
 Foxfire                  Conj/Fire      0%         2x1d4     10%         1
 Freeze                   Ice            0%         1d3       10%         1
 Magic Dart               Conj           0%         1d3       10%         1
 Shock                    Conj/Air       0%         1d3       10%         1
 Sting                    Tmut/Pois      0%         1d3       10%         1
 Blink                    Tloc           N/A        N/A       14%         2
 Call Imp                 Summ           0%         N/A       14%         2
 Ensorcelled Hibernation  Hex/Ice        0%         N/A       14%         2
 Poisonous Vapours        Pois/Air       0%         N/A       14%         2
 Searing Ray              Conj           0%         3d3       14%         2
 Slow                     Hex            0%         N/A       14%         2
 Swiftness                Air            0%         N/A       14%         2
 Wereblood                Tmut           0%         N/A       14%         2
 Confusing Touch          Hex            0%         N/A       28%         3
 Conjure Flame            Conj/Fire      0%         6-21      28%         3
 Dazzling Flash           Conj/Hex       0%         N/A       28%         3
 Frozen Ramparts          Ice            0%         1d2       28%         3
 Gell's Gravitas          Tloc           0%         N/A       28%         3
 Ignite Poison            Fire/Tmut/Pois 0%         N/A       28%         3
 Inner Flame              Hex/Fire       0%         N/A       28%         3
 Mephitic Cloud           Conj/Pois/Air  0%         N/A       28%         3
 Ozocubu's Armour         Ice            0%         N/A       28%         3
 Portal Projectile        Hex/Tloc       0%         N/A       28%         3
 Spider Form              Tmut/Pois      0%         N/A       28%         3
 Static Discharge         Conj/Air       0%         N/A       28%         3
 Summon Guardian Golem    Hex/Summ       0%         N/A       28%         3
 Teleport Other           Tloc           0%         N/A       28%         3
 Tukima's Dance           Hex            0%         N/A       28%         3
 Death Channel            Necr           27%        N/A       32%         6
 Bolt of Magma            Conj/Fire/Erth 13%        4d8       41%         5
 Airstrike                Air            0%         N/A       67%         4
 Cause Fear               Hex            0%         N/A       67%         4
 Fulminant Prism          Conj/Hex       0%         3d6       67%         4
 Hailstorm                Conj/Ice       0%         3d3       67%         4
 Ice Form                 Ice/Tmut       0%         N/A       67%         4
 Iskenderun's Mystic Bla  Conj/Tloc      0%         2d3       67%         4
 Olgreb's Toxic Radiance  Pois           0%         N/A       67%         4
 Passage of Golubria      Tloc           N/A        N/A       67%         4
 Summon Ice Beast         Ice/Summ       0%         N/A       67%         4
 Summon Lightning Spire   Summ/Air       0%         N/A       67%         4
 Iron Shot                Conj/Erth      19%        9d4       69%         6
 Statue Form              Tmut/Erth      26%        N/A       69%         6
 Simulacrum               Ice/Necr       14%        N/A       91%         6
 Alistair's Intoxication  Tmut/Pois      0%         N/A       95%         5
 Fireball                 Conj/Fire      0%         3d3       95%         5
 Hydra Form               Tmut           0%         N/A       95%         5
 Irradiate                Conj/Tmut      0%         3d13      95%         5
 Iskenderun's Battlesphe  Conj           0%         2d6       95%         5
 Lightning Bolt           Conj/Air       0%         1d11      95%         5
 Manifold Assault         Tloc           0%         N/A       95%         5
 Metabolic Englaciation   Hex/Ice        0%         N/A       95%         5
 Silence                  Hex/Air        0%         N/A       95%         5
 Summon Forest            Summ/Tloc      0%         N/A       95%         5
 Summon Mana Viper        Hex/Summ       0%         N/A       95%         5
 Yara's Violent Unravell  Hex/Tmut       0%         3d3       95%         5
 Blade Hands              Tmut           0%         N/A       100%        6
 Conjure Ball Lightning   Conj/Air       0%         3x3d6     100%        6
 Dispersal                Tloc           0%         N/A       100%        6
 Eringya's Noxious Bog    Tmut/Pois      0%         N/A       100%        6
 Freezing Cloud           Conj/Ice/Air   0%         6-21      100%        6
 Starburst                Conj/Fire      0%         8x6d3     100%        6
 Haunt                    Necr/Summ      14%        N/A       100%        7
 Malign Gateway           Summ/Tloc      0%         N/A       100%        7
 Monstrous Menagerie      Summ           0%         N/A       100%        7
 Orb of Destruction       Conj           0%         N/A       100%        7
 Ozocubu's Refrigeration  Ice            0%         4d5       100%        7
 Spellforged Servitor     Conj/Summ      0%         N/A       100%        7
 Summon Hydra             Summ           0%         N/A       100%        7
 Chain Lightning          Conj/Air       0%         N/A       100%        8
 Discord                  Hex            0%         N/A       100%        8
 Disjunction              Tloc           0%         N/A       100%        8
 Ignition                 Fire           0%         3d3       100%        8
 Lehudib's Crystal Spear  Conj/Erth      19%        10d6      100%        8
 Summon Horrible Things   Summ           0%         N/A       100%        8
 Absolute Zero            Ice            0%         ∞         100%        9
 Fire Storm               Conj/Fire      0%         5d1       100%        9
 Tornado                  Air            0%         N/A       100%        9


Dungeon Overview and Level Annotations

Branches:
Dungeon (15/15)            Temple (1/1) D:5            Lair (6/6) D:10
 Shoals (4/4) Lair:4        Snake (4/4) Lair:4        Slime (5/5) Lair:6
    Orc (2/2) D:9             Elf (3/3) Orc:2        Vaults (5/5) D:14
  Crypt (0/3) Vaults:2     Depths (5/5) D:15            Zot (5/5) Depths:5
Ossuary (visited)           IceCv (visited)          WizLab (visited)

Altars:
Ashenzari
Cheibriados
Dithmenos
Elyvilon
Fedhas
Gozag
Hepliaklqana
Kikubaaqudgha
Makhleb
Nemelex Xobeh
Okawaru
Qazlal
Ru
Sif Muna
Trog
Uskayaw
Vehumet
Wu Jian
Xom
Yredelemnul
Zin
The Shining One
Beogh
Jiyva
Lugonu

Shops:
D:5 !   D:6 =   D:10 *:   D:11 !   D:12 [   Orc:1 *!   Orc:2 [?![   Elf:3 ?!?
Shoals:2 (   Snake:3 ?   Vaults:4 :   Vaults:5 *   Depths:4 (

Portals:
Hell: Depths:1 Depths:2 Depths:3 Depths:4 Depths:5
Abyss: Depths:4
Pandemonium: Depths:3 Depths:5
Ziggurat: Depths:5

Annotations:
D:12 1 runed translucent door, exclusion: ice statue, celly00's ghost, journeyman HOFi


Innate Abilities, Weirdness & Mutations

You are a filthy swine.
You move quickly.
Your equipment is almost entirely melded.
You are incapable of wielding weapons or throwing items.
You cannot cast spells.
((You have hooves in place of feet.))
((Your flesh is cold resistant. (rC+)))
A frigid envelope surrounds you and freezes all who hurt you.
You regenerate a lot of health from kills.
You are powered by pain.
You are immune to freezing clouds.
((You are completely covered in razor-sharp scales. (AC +3, Slay +3)))
You tend to lose your temper in combat.
Your body sometimes deteriorates upon taking damage.
You heal very quickly.
You are occasionally teleported next to monsters.
You are very weak. (Str -4)
You expend magic power (3 MP) to strengthen your wands.
((Your movements are slightly less encumbered by armour. (ER -2)))


Message History

The electric golem closely misses you. You block the electric golem's attack.
A moth of wrath comes into view.
The Killer Klown blinks!
You can feel time thicken for a moment.
The moth of wrath's fur bristles in rage as it notices you.
You block the electric golem's attack.
The electric golem completely misses you.
The electric golem hits you!
The electric golem resists.
The electric golem is very cold.
The electric golem is heavily damaged.
The electric golem closely misses you.
The Killer Klown blinks!
The electric golem misses you. The electric golem barely misses you.
The electric golem hits you!
You focus on the pain.
You feel agile all of a sudden.
The electric golem resists.
The electric golem is very cold.
The electric golem is heavily damaged.
The electric golem misses you.
The orb of fire emits a lurid red light.
Strange energies course through your body.
You feel a little pissed off.
Okay, then.
You can feel time thicken for a moment.
You kill the moth of wrath!
Cheibriados thoroughly appreciates the change of pace.
You kill the moth of wrath!
Cheibriados thoroughly appreciates the change of pace.
The orb of fire glows yellow.
Strange energies course through your body.
You feel clumsy.
The Killer Klown blinks!
The electric golem blinks!
You can feel time thicken for a moment.
You kill the Orb Guardian!
Cheibriados appreciates the change of pace.
The orb of fire glows yellow.
The fireball explodes!
The fireball engulfs you!!!
The fireball engulfs the orb of fire.
The orb of fire completely resists.
The fireball engulfs the orb of fire.
The orb of fire completely resists.
The orb of fire glows red.
The fireball explodes!
The fireball engulfs you!!!!
You die...

***************
**▓▓...[.........****
***,..........^....,,,**
**,,,..............^,,,,** ***
*,,,,...............,,,,,*
,,***,,,,...........p...,,,,,*
,,,**,,,,..........$...^,,,,**
^,^,*,,,,....{).*.......,,,**
,,,,,,,,,.....q.h*......,,**
,,,,*,,,,.....*.........,,,**
,,,**,,,^..†...p........,,,,**
,,***,,,,.......d..^....^,,,,*
*** *,,,,...............,,,,,*
**,,,...............,,,,**
***,...............,,,**
**▓▓.............,,**
**************^,,,,**


You could see 3 orbs of fire, 2 Killer Klowns, a red draconian and a yellow
draconian scorcher.

Vanquished Creatures
  the Royal Jelly (Slime:5)
  A dread lich (Vaults:5)
  Tiamat (Zot:4)
  3 ancient liches
  A Killer Klown (Zot:4)
  Margery (Vaults:5)
  4 curse toes
  2 caustic shrikes (Depths:4)
  Xtahua (Vaults:4)
  17 golden dragons
  4 bone dragons
  The ghost of Plog the Tortoise, an adept DDFi of Makhleb (Vaults:2)
  Jory (Depths:3)
  An electric golem (Zot:1)
  17 tentacled monstrosities
  5 titans
  2 liches
  4 deep elf blademasters
  3 Orb Guardians (Zot:5)
  Polyphemus (Shoals:2)
  4 deep elf master archers (Elf:3)
  9 quicksilver dragons
  29 acid blobs
  2 sphinxes
  2 krakens
  11 death cobs
  A tentacled starspawn (Abyss:2)
  17 shadow dragons
  5 draconian monks
  21 storm dragons
  3 tengu reavers
  13 azure jellies
  Donald (Shoals:2)
  2 daevas (Depths:5)
  11 rockslimes
  19 nagarajas
  Ilsuiw (Shoals:4)
  A ghost moth (shapeshifter) (Depths:4)
  10 fire giants
  Aizul (Depths:1)
  2 ghost moths
  6 deep elf sorcerers
  8 draconian knights
  An emperor scorpion (D:15)
  7 frost giants
  6 draconian scorchers
  7 deep elf elementalists
  22 ironbound preservers
  12 vault wardens
  8 draconian annihilators
  An angel (Depths:5)
  4 iron dragons
  25 very ugly things
  5 draconian stormcallers
  2 spriggan defenders (Depths:4)
  5 war gargoyles
  18 stone giants
  8 quicksilver oozes
  A vampire knight (Depths:4)
  Azrael (Orc:2)
  4 deep elf annihilators (Elf:3)
  16 green draconians
  4 purple draconians
  4 white draconians
  12 black draconians
  2 deep elf demonologists
  9 yellow draconians
  2 entropy weavers
  5 dire elephants
  3 spark wasps
  9 red draconians
  Snorg (Lair:6)
  A green death (Depths:1)
  2 salamander tyrants (Snake:3)
  4 merfolk javelineers
  2 jiangshi (Depths:1)
  4 crystal guardians
  11 ettins
  9 fire dragons
  11 merfolk impalers
  5 deep elf death magi
  A shambling mangrove (Lair:2)
  15 yaktaur captains
  6 ironbound thunderhulks
  3 deep elf high priests
  31 naga warriors
  Fannar (Orc:1)
  12 great orbs of eyes
  31 vault guards
  4 rakshasas
  17 ice dragons
  4 ogre magi
  8 hydras
  4 catoblepae
  2 peacekeepers (Vaults:4)
  3 merfolk aquamancers
  9 ironbound frosthearts
  2 boulder beetles
  3 spriggan air magi
  4 centaur warriors
  2 alligator snapping turtles (Shoals:4)
  A merfolk avatar (Shoals:3)
  2 satyrs
  5 tengu warriors
  29 dancing weapons
  18 naga sharpshooters
  A death knight (D:13)
  11 anacondas
  6 deep troll shamans
  2 vampire magi
  12 two-headed ogres
  5 shock serpents
  2 orc high priests
  7 thrashing horrors
  6 deep troll earth magi
  3 spriggan berserkers
  7 death yaks
  3 ironbound beastmasters
  Urug (Orc:1)
  A soul eater (Depths:1)
  A shock serpent (shapeshifter) (Elf:3)
  12 deep elf knights
  2 sun demons (Depths:1)
  A fire crab (Shoals:4)
  A sixfirhy (Depths:1)
  7 hell knights
  2 wretched stars (Abyss:2)
  61 deep trolls
  4 salamander mystics
  6 glowing orange brains
  A skeletal warrior (D:13)
  10 sea snakes
  A kraken simulacrum (Shoals:4)
  An obsidian statue (Depths:1)
  2 flayed ghosts (Depths:4)
  5 iron trolls
  9 deep elf archers
  2 swamp dragons
  18 ironbound convokers
  10 wizards
  2 orange crystal statues
  5 lindwurms
  11 naga ritualists
  9 large abominations
  28 harpies
  9 necromancers
  A wolf spider (Lair:6)
  2 tengu zombies (Vaults:1)
  3 phantasmal warriors
  2 orc knights (Vaults:5)
  13 mana vipers
  6 cyclopes
  A harpy (shapeshifter) (Elf:3)
  14 oklob plants
  33 deep elf zephyrmancers
  9 shining eyes
  31 deep elf pyromancers
  5 manticores
  3 fauns
  10 orc sorcerers
  53 ugly things
  30 moths of wrath
  14 salamanders
  A fire giant skeleton (Vaults:1)
  9 elephants
  16 vault sentinels
  8 merfolk sirens
  62 black mambas
  A water nymph (shapeshifter) (Vaults:5)
  9 water nymphs
  3 eyes of devastation
  Joseph (D:9)
  10 guardian serpents
  An ice statue (IceCv)
  12 naga magi
  2 smoke demons
  2 orange demons (Depths:1)
  10 cane toads
  2 yaktaur zombies
  A gargoyle (D:12)
  A torpor snail (Lair:2)
  17 rime drakes
  3 freezing wraiths
  2 efreet
  2 kobold demonologists
  3 ice devils (Depths:1)
  An elf skeleton (Vaults:4)
  2 tengu conjurers
  7 komodo dragons
  2 unseen horrors
  A rime drake (shapeshifter) (Depths:4)
  A tormentor (Depths:1)
  3 ancient zymes (Abyss:3)
  A troll (shapeshifter) (D:15)
  27 yaktaurs
  9 trolls
  A human skeleton (Vaults:4)
  2 red devils (Depths:1)
  28 merfolk
  19 polar bears
  6 wind drakes
  10 hornets
  3 raiju (Abyss:2)
  6 meliai
  99 slime creatures
  12 snapping turtles
  12 blink frogs
  A dream sheep (shapeshifter) (Elf:2)
  5 air elementals
  9 dream sheep
  A stone giant simulacrum (Vaults:1)
  A flying skull (Vaults:2)
  12 spriggans
  A centaur simulacrum (D:14)
  19 water elementals
  4 redbacks
  A tarantella (shapeshifter) (Elf:3)
  2 shadows
  4 wraiths
  6 fire elementals
  67 yaks
  17 wyverns
  15 steam dragons
  2 fire bats (Shoals:4)
  9 golden eyes
  9 basilisks
  A basilisk (shapeshifter) (Vaults:5)
  Grum (D:11)
  4 neqoxecs
  2 chaos spawn (Abyss:2)
  7 wargs
  11 vampire mosquitoes
  5 acid dragons
  5 hell hounds
  74 nagas
  19 water moccasins
  A floating eye (Slime:5)
  2 sky beasts
  23 orc warriors
  8 ice beasts (D:13)
  A meliai simulacrum (D:14)
  A swamp drake (Lair:6)
  2 boggarts (Vaults:2)
  A hornet zombie (D:6)
  A black bear (D:5)
  40 wolves
  20 ogres
  A necrophage (D:8)
  6 small abominations
  13 centaurs
  A boggart (shapeshifter) (Depths:5)
  4 elf zombies (Ossuary)
  A phantom (D:4)
  7 kobold brigands
  13 bullfrogs
  2 wyvern zombies
  4 gnoll sergeants
  A water moccasin skeleton (D:5)
  3 scorpions
  54 killer bees
  8 wights
  4 howler monkeys
  8 electric eels
  2 crimson imps (D:5)
  3 bullfrog zombies
  10 centaur zombies
  4 hounds
  A quasit (Abyss:2)
  17 orc priests
  4 jellies
  A bullfrog skeleton (D:6)
  3 gnoll shamans
  5 human zombies
  An iron imp (Abyss:2)
  A centaur skeleton (D:7)
  6 iguanas
  Terence (D:2)
  49 orc wizards
  Natasha (thrice) (D:2)
  12 hell rats
  2 killer bee zombies
  A hound zombie (D:5)
  3 mummies (Ossuary)
  2 howler monkey zombies
  8 adders
  33 gnolls
  4 river rats (Lair:4)
  2 white imps
  An ufetubus (Abyss:2)
  2 worms (D:4)
  A dart slug (D:4)
  98 orcs
  3 bats
  5 endoplasms
  4 giant cockroaches
  6 goblins
  7 hobgoblins
  4 jackals (D:6)
  3 quokkas
  10 ball pythons
  2 frilled lizards (D:3)
  A jackal skeleton (D:4)
  11 kobolds
  14 rats
  6 bushes (Zot:4)
  A plant (Zot:4)
  A starspawn tentacle (Abyss:2)
  5 tentacles
2574 creatures vanquished.

Vanquished Creatures (collateral kills)
  A killer bee zombie (D:6)
  7 gnolls (D:6)
  An orc (D:6)
  A jackal (D:6)
10 creatures vanquished.

Vanquished Creatures (others)
  A deep elf blademaster (Elf:3)
  A draconian scorcher (Zot:2)
  A vampire knight (Vaults:2)
  A naga warrior (Snake:4)
  A merfolk aquamancer (Shoals:4)
  A wizard (Vaults:1)
  A deep elf zephyrmancer (Elf:1)
  A harpy (Shoals:1)
  2 deep elf pyromancers (Elf:2)
  A faun (Shoals:4)
  2 manticores
  A black mamba (Snake:2)
  2 blink frogs (Lair:6)
  A naga (Snake:4)
  A warg (Elf:2)
  A centaur (shapeshifter) (Vaults:5)
  An orc priest (Elf:2)
  An orc (Orc:2)
  A fire vortex (Lair:3)
  72 fungi
  A lurking horror (Abyss:3)
  157 plants
  3 starspawn tentacles (Abyss:2)
  22 tentacles
277 creatures vanquished.

Grand Total: 2861 creatures vanquished

Notes
Turn   | Place    | Note
-------+----------+-------------------------------------------
     0 | D:1      | Ijustatesigmund the Demonspawn Fighter began the quest for
                  | the Orb.
     0 | D:1      | Reached XP level 1. HP: 18/18 MP: 1/1
   688 | D:1      | Gained mutation: You are partially covered in razor-sharp
                  | scales. (AC +1, Slay +1) [demonic ancestry]
   688 | D:1      | Reached XP level 2. HP: 24/24 MP: 2/2
   978 | D:2      | Noticed Terence
   993 | D:2      | Killed Terence
   994 | D:2      | Reached skill level 1 in Dodging
   994 | D:2      | Gained mutation: You have large cloven feet. [demonic
                  | ancestry]
   994 | D:2      | Reached XP level 3. HP: 15/29 MP: 3/3
  1197 | D:2      | Identified a scroll of acquirement
  1197 | D:2      | Acquired 882 gold pieces
  1361 | D:2      | Found a sacrificial altar of Ru.
  1509 | D:2      | Found a stormy altar of Qazlal.
  1709 | D:2      | Found a faded altar of an unknown god.
  1755 | D:2      | Reached XP level 4. HP: 32/35 MP: 4/4
  1958 | D:2      | Noticed Natasha
  1967 | D:2      | Killed Natasha
  2376 | D:2      | Noticed Natasha
  2382 | D:2      | Killed Natasha
  2523 | D:2      | Noticed Natasha
  2533 | D:2      | Killed Natasha
  2534 | D:2      | Reached XP level 5. HP: 35/42 MP: 5/5
  2995 | D:3      | Reached XP level 6. HP: 31/48 MP: 6/6
  3721 | D:4      | Found a sand-covered staircase.
  3730 | Ossuary  | Entered an ossuary
  3973 | Ossuary  | Reached skill level 5 in Axes
  4121 | Ossuary  | Reached XP level 7. HP: 55/55 MP: 7/7
  4156 | Ossuary  | Reached skill level 5 in Fighting
  4600 | D:4      | Found a blossoming altar of Fedhas.
  4730 | D:4      | Gained mutation: You have hoof-like feet. [demonic
                  | ancestry]
  4730 | D:4      | Reached XP level 8. HP: 28/63 MP: 8/8
  5934 | D:5      | Entered Level 5 of the Dungeon
  5939 | D:5      | Gained mutation: You are dopey. (Int -2) [potion of
                  | mutation]
  5939 | D:5      | Gained mutation: You have hooves in place of feet. [potion
                  | of mutation]
  5965 | D:5      | Found Lytzuiq's Distillery.
  6148 | D:5      | Bought a potion of curing for 42 gold pieces
  6185 | D:5      | Noticed a hornet
  6194 | D:5      | Killed a hornet
  6465 | D:5      | Found a sparkling altar of Nemelex Xobeh.
  6590 | D:5      | Found a staircase to the Ecumenical Temple.
  6594 | D:5      | Reached skill level 5 in Armour
  6645 | D:6      | Found Kojeroz's Jewellery Shop.
  6897 | D:6      | Bought a +4 ring of protection for 468 gold pieces
  6898 | D:6      | Bought an amulet of reflection for 390 gold pieces
  7113 | D:5      | Found a shimmering altar of Xom.
  7253 | D:5      | Found a bloodstained altar of Trog.
  7333 | D:5      | Gained mutation: You regenerate a little health from kills.
                  | [demonic ancestry]
  7333 | D:5      | Reached XP level 9. HP: 71/71 MP: 9/9
  7491 | D:6      | Found a shimmering blue altar of Sif Muna.
  7626 | D:6      | Found a basalt altar of Yredelemnul.
  7627 | D:6      | Identified the +7 mace of Disaster {vorpal, Str+4}
  8740 | D:6      | Found a hide-covered altar of Uskayaw.
  9028 | D:7      | Found a hazy altar of Hepliaklqana.
  9028 | D:7      | Found a shadowy altar of Dithmenos.
  9144 | D:7      | Identified the +9 spear "Bew Hoo" {vorpal, rF- Str+5}
  9929 | D:7      | Gained mutation: You regenerate health from kills. [demonic
                  | ancestry]
  9929 | D:7      | Reached XP level 10. HP: 80/80 MP: 10/10
  9962 | D:7      | Found an opulent altar of Gozag.
 10794 | D:8      | Found an ornate altar of the Wu Jian Council.
 11025 | D:9      | Noticed Joseph
 11729 | D:7      | Identified the ring of Voff {Ice Int+8}
 11897 | D:7      | Reached skill level 10 in Axes
 12017 | Temple   | Entered the Ecumenical Temple
 12056 | Temple   | Became a worshipper of Cheibriados the Contemplative
 12179 | D:9      | Found a staircase to the Orcish Mines.
 12189 | D:9      | Reached skill level 1 in Invocations
 12199 | D:9      | Reached skill level 2 in Invocations
 12203 | D:9      | Reached * piety under Cheibriados
 12257 | D:9      | Killed Joseph
 12258 | D:9      | Reached skill level 3 in Invocations
 12650 | D:9      | Identified the +1 great sword of Unkas {drain, Will+}
 12693 | D:9      | Reached XP level 11. HP: 36/81 MP: 13/13
 12949 | D:10     | Entered Level 10 of the Dungeon
 13004 | D:10     | Found Mishrista's Assorted Antiques.
 13028 | D:10     | Bought a scroll labelled EDIYN ZUUCHAH for 18 gold pieces
 13028 | D:10     | Bought a pair of embroidered gloves for 135 gold pieces
 13028 | D:10     | Bought a potion of heal wounds for 90 gold pieces
 13028 | D:10     | Bought a potion of heal wounds for 90 gold pieces
 13077 | D:10     | Found a staircase to the Lair.
 13204 | D:10     | Reached ** piety under Cheibriados
 13205 | D:10     | Reached skill level 4 in Invocations
 13935 | D:10     | Found Ipseumul's Book Shop.
 14121 | D:10     | Reached skill level 5 in Dodging
 14121 | D:10     | Reached skill level 5 in Shields
 14168 | D:10     | Reached skill level 5 in Invocations
 14273 | D:11     | Noticed a two-headed ogre
 14277 | D:11     | Killed a two-headed ogre
 14574 | D:11     | Noticed Grum
 14598 | D:11     | Killed Grum
 14628 | D:11     | Found a bloodstained altar of Trog.
 14737 | D:11     | Reached *** piety under Cheibriados
 14768 | D:11     | Found Ologg's Distillery.
 14780 | D:11     | Bought a potion of heal wounds for 65 gold pieces
 14811 | D:11     | Noticed a two-headed ogre
 14817 | D:11     | Killed a two-headed ogre
 14818 | D:11     | Reached skill level 6 in Invocations
 14856 | D:11     | Noticed a two-headed ogre
 14862 | D:11     | Killed a two-headed ogre
 15301 | D:12     | Found a runed translucent door.
 15302 | D:12     | Noticed a five-headed hydra
 15302 | D:12     | Noticed celly00's ghost (journeyman HOFi)
 15530 | D:12     | Found Vuicyf's Armour Emporium.
 15665 | D:12     | Reached skill level 10 in Fighting
 15781 | D:12     | Noticed a two-headed ogre
 15788 | D:12     | Killed a two-headed ogre
 15789 | D:12     | Reached skill level 7 in Invocations
 15789 | D:12     | Gained mutation: You sometimes gain a little power by
                  | taking damage. [demonic ancestry]
 15789 | D:12     | Reached XP level 12. HP: 97/97 MP: 17/17
 16096 | D:13     | Found a frozen archway.
 16154 | IceCv    | Entered an ice cave
 16161 | IceCv    | Reached **** piety under Cheibriados
 16433 | IceCv    | Reached skill level 8 in Invocations
 16535 | IceCv    | Reached ***** piety under Cheibriados
 16632 | IceCv    | Reached skill level 9 in Invocations
 16683 | IceCv    | Noticed a frost giant
 16695 | IceCv    | Killed a frost giant
 16888 | D:13     | Gained mutation: You sometimes gain power by taking damage.
                  | [demonic ancestry]
 16888 | D:13     | Reached XP level 13. HP: 106/106 MP: 20/20
 17548 | Lair:1   | Entered Level 1 of the Lair of Beasts
 17859 | Lair:1   | You fall into a shaft and drop 1 floor!
 17965 | Lair:2   | Reached skill level 10 in Invocations
 18753 | Lair:2   | Reached skill level 10 in Armour
 18935 | Lair:2   | Reached ****** piety under Cheibriados
 20063 | Lair:2   | Reached skill level 11 in Invocations
 20073 | Lair:2   | Identified the ring "Tygur" {rF+ Will- AC+4 Str+2}
 20883 | Lair:4   | Found a staircase to the Snake Pit.
 20886 | Lair:4   | Gained mutation: You are mostly covered in razor-sharp
                  | scales. (AC +2, Slay +2) [demonic ancestry]
 20886 | Lair:4   | Reached XP level 14. HP: 101/114 MP: 22/22
 21084 | Lair:4   | Found a staircase to the Shoals.
 21283 | Lair:4   | Upgraded the game from 0.27-a0-780-geb8d7bc690 to
                  | 0.27-a0-830-ga1c911b16d
 22137 | Lair:4   | Reached skill level 12 in Invocations
 22956 | Lair:6   | Entered Level 6 of the Lair of Beasts
 23278 | Lair:6   | HP: 5/116 [poison (poison gas)]
 23311 | Lair:6   | Found a staircase to the Slime Pits.
 23632 | Lair:6   | Identified the +7 war axe "Catsiunt" {vamp, rElec Str+5
                  | Int-5 Dex+2}
 23697 | Lair:6   | Gained mutation: You regenerate a lot of health from kills.
                  | [demonic ancestry]
 23697 | Lair:6   | Reached XP level 15. HP: 122/122 MP: 24/24
 23720 | Lair:6   | Reached skill level 13 in Invocations
 23777 | Lair:6   | Noticed Snorg
 23784 | Lair:6   | Killed Snorg
 24843 | Orc:1    | Entered Level 1 of the Orcish Mines
 24892 | Orc:1    | Found Wonumiokh's Distillery.
 24900 | Orc:1    | Bought a potion of heal wounds for 85 gold pieces
 25023 | Orc:1    | Found Wesyczoo's Whimsical Warehouse.
 25026 | Orc:1    | Noticed Urug
 25036 | Orc:1    | Killed Urug
 25199 | Orc:1    | Noticed Fannar
 25213 | Orc:1    | Killed Fannar
 25365 | Orc:2    | Entered Level 2 of the Orcish Mines
 25375 | Orc:2    | Noticed Azrael
 25387 | Orc:2    | Killed Azrael
 25394 | Orc:2    | Paralysed by something for 3 turns
 25401 | Orc:2    | Paralysed by something for 2 turns
 25619 | Orc:2    | Found Hurphuoni's Distillery.
 25619 | Orc:2    | Found Kaluhe's Antique Armour Boutique.
 25646 | Orc:2    | Bought a potion of heal wounds for 60 gold pieces
 25738 | Orc:2    | Paralysed by an orc sorcerer for 5 turns
 25873 | Orc:2    | Found Sukam's Armour Shoppe.
 25887 | Orc:2    | Bought a +2 cloak for 214 gold pieces
 25896 | Orc:2    | Found Xaixtus's Magic Scroll Boutique.
 25901 | Orc:2    | Paralysed by an orc sorcerer for 7 turns
 25919 | Orc:2    | Bought a scroll of enchant armour for 82 gold pieces
 25919 | Orc:2    | Bought a scroll of acquirement for 572 gold pieces
 25919 | Orc:2    | Bought a scroll of magic mapping for 38 gold pieces
 25919 | Orc:2    | Bought a scroll of enchant weapon for 82 gold pieces
 25919 | Orc:2    | Bought a scroll of enchant weapon for 82 gold pieces
 25919 | Orc:2    | Bought a scroll of enchant armour for 82 gold pieces
 25919 | Orc:2    | Bought a scroll of enchant weapon for 82 gold pieces
 25919 | Orc:2    | Bought a scroll of teleportation for 33 gold pieces
 25919 | Orc:2    | Bought a scroll of enchant armour for 82 gold pieces
 25924 | Orc:2    | Acquired a manual of Fighting
 26107 | Orc:2    | Found a staircase to the Elven Halls.
 26363 | Orc:2    | Bought 2 potions of mutation for 192 gold pieces
 26363 | Orc:2    | Bought 2 potions of mutation for 192 gold pieces
 26363 | Orc:2    | Lost mutation: You are dopey. (Int -2) [potion of mutation]
 26363 | Orc:2    | Lost mutation: You have hooves in place of feet. [potion of
                  | mutation]
 26363 | Orc:2    | Gained mutation: Your mind is acute. (Int +2) [potion of
                  | mutation]
 26363 | Orc:2    | Gained mutation: Your natural rate of healing is unusually
                  | fast. [potion of mutation]
 26363 | Orc:2    | Gained mutation: Your muscles are strong. (Str +2) [potion
                  | of mutation]
 26460 | D:10     | Bought a pair of glowing boots for 135 gold pieces
 26650 | D:14     | Reached skill level 14 in Invocations
 26838 | D:14     | Paralysed by something for 3 turns
 26891 | D:14     | Found a gate to the Vaults.
 27181 | D:14     | Reached XP level 16. HP: 132/132 MP: 26/26
 27760 | D:15     | Entered Level 15 of the Dungeon
 28018 | D:15     | Found a staircase to the Depths.
 28304 | D:15     | Found a basalt altar of Yredelemnul.
 28750 | Shoals:1 | Entered Level 1 of the Shoals
 29190 | Shoals:1 | Noticed a kraken
 29225 | Shoals:1 | Killed a kraken
 29336 | Shoals:1 | Reached skill level 15 in Invocations
 29592 | Shoals:2 | Found Vyraz's Weapon Boutique.
 29628 | Shoals:2 | Noticed Polyphemus
 29670 | Shoals:2 | Reached skill level 15 in Fighting
 29686 | Shoals:2 | Killed Polyphemus
 29692 | Shoals:2 | Noticed Donald
 29720 | Shoals:2 | Killed Donald
 30253 | Shoals:3 | Acquired a manual of Earth Magic
 30553 | Shoals:3 | Reached XP level 17. HP: 144/144 MP: 28/28
 30636 | Shoals:3 | Noticed a kraken
 30653 | Shoals:3 | Killed a kraken
 30838 | Shoals:4 | Entered Level 4 of the Shoals
 30838 | Shoals:4 | Noticed Ilsuiw
 30894 | Shoals:4 | Learned a level 2 spell: Passwall
 30913 | Shoals:4 | Reached skill level 1 in Earth Magic
 30960 | Shoals:4 | Killed Ilsuiw
 30984 | Shoals:4 | Identified the +0 chain mail of Bomuenec {rPois Str+3 Int+2
                  | Stlth+}
 31092 | Shoals:4 | Identified the +9 falchion of Integrity {protect, +Rage
                  | rC++ Dex-3}
 31317 | Shoals:4 | Identified the ring of Reunge Tig {rElec EV+4}
 31338 | Shoals:4 | Reached skill level 5 in Earth Magic
 31645 | Shoals:4 | Reached skill level 1 in Throwing
 31963 | Shoals:4 | Got a barnacled rune of Zot
 32121 | Snake:1  | Entered Level 1 of the Snake Pit
 32366 | Snake:1  | Reached skill level 16 in Invocations
 32965 | Snake:2  | Gained mutation: You are completely covered in razor-sharp
                  | scales. (AC +3, Slay +3) [demonic ancestry]
 32965 | Snake:2  | Reached XP level 18. HP: 157/157 MP: 30/30
 33066 | Snake:2  | Reached skill level 10 in Earth Magic
 33258 | Snake:2  | Reached skill level 5 in Throwing
 33579 | Snake:3  | Found Abreamm's Magic Scroll Boutique.
 33589 | Snake:3  | Reached skill level 17 in Invocations
 33596 | Snake:3  | Bought a scroll of blinking for 127 gold pieces
 33596 | Snake:3  | Bought a scroll of teleportation for 51 gold pieces
 33697 | Snake:3  | Found a basalt altar of Yredelemnul.
 34183 | Snake:4  | Entered Level 4 of the Snake Pit
 34485 | Snake:4  | Learned a level 5 spell: Lee's Rapid Deconstruction
 34489 | Snake:4  | Reached skill level 18 in Invocations
 34648 | Snake:4  | Gained mutation: Your flesh is cold resistant. (rC+)
                  | [demonic ancestry]
 34648 | Snake:4  | Reached XP level 19. HP: 158/163 MP: 32/32
 34780 | Snake:4  | Got a serpentine rune of Zot
 35100 | Snake:4  | Reached skill level 19 in Invocations
 35415 | Snake:4  | Identified the -4 pair of boots of Ru's Hope {rC+ Dex+2}
 35513 | Snake:4  | Identified the +4 quarterstaff of the Magi {freeze, *Drain
                  | rN+ Int+4}
 35883 | Vaults:1 | Entered Level 1 of the Vaults
 35996 | Vaults:1 | Cast into level 2 of the Abyss (a wizard)
 36024 | Vaults:1 | Escaped the Abyss
 36463 | Vaults:1 | Reached skill level 15 in Axes
 36680 | Vaults:1 | Gained mutation: You have hooves in place of feet. [demonic
                  | ancestry]
 36680 | Vaults:1 | Reached XP level 20. HP: 170/170 MP: 33/33
 37425 | Vaults:2 | Paralysed by something for 6 turns
 37445 | Vaults:2 | Reached skill level 20 in Invocations
 37660 | Vaults:2 | Reached skill level 10 in Shields
 37822 | Vaults:2 | Found a staircase to the Crypt.
 38142 | Vaults:2 | Found a runed translucent gate.
 38142 | Vaults:2 | Found a runed translucent gate.
 38142 | Vaults:2 | Found a runed translucent gate.
 38145 | Vaults:2 | Noticed Plog's ghost (adept DDFi)
 38152 | Vaults:2 | Reached skill level 10 in Dodging
 38341 | Vaults:2 | Killed Plog's ghost
 38425 | Vaults:2 | Identified the +1 cloak of Orghil {-Tele *Contam Str+7
                  | Dex+2}
 38871 | Vaults:3 | Reached skill level 1 in Evocations
 39417 | Vaults:3 | You fall into a shaft and drop 1 floor!
 39668 | Vaults:4 | Identified the +7 war axe of Royalism {antimagic, Dex+3}
 39733 | Vaults:4 | Gained mutation: You are powered by pain. [demonic
                  | ancestry]
 39733 | Vaults:4 | Reached XP level 21. HP: 177/177 MP: 35/35
 39811 | Vaults:4 | Found Galeroudusm's Book Emporium.
 39862 | Vaults:4 | Reached skill level 21 in Invocations
 40467 | Vaults:4 | Reached skill level 5 in Evocations
 40513 | Vaults:5 | Entered Level 5 of the Vaults
 40514 | Vaults:5 | Noticed Margery
 40536 | Vaults:5 | Killed Margery
 40552 | Vaults:5 | Noticed Xtahua
 40734 | Vaults:5 | Noticed a golden dragon
 40741 | Vaults:4 | Killed Xtahua
 40847 | Vaults:5 | Noticed an ancient lich
 40858 | Vaults:5 | Killed an ancient lich
 40863 | Vaults:5 | Reached skill level 22 in Invocations
 40865 | Vaults:5 | Killed a golden dragon
 40878 | Vaults:5 | Cast into level 3 of the Abyss (a deep elf sorcerer)
 40879 | Abyss:3  | Found a corrupted altar of Lugonu.
 41173 | Abyss:3  | Reached XP level 22. HP: 184/184 MP: 37/37
 41224 | Vaults:5 | Escaped the Abyss
 41281 | Vaults:5 | Noticed an ancient lich
 41312 | Vaults:4 | Killed an ancient lich
 41670 | Vaults:5 | Noticed a dread lich
 41677 | Vaults:5 | Paralysed by a dread lich for 4 turns
 41684 | Vaults:5 | Killed a dread lich
 41811 | Vaults:5 | Identified the +0 long sword of the Median {freeze, Stlth+}
 41887 | Vaults:5 | Got a silver rune of Zot
 42072 | Vaults:5 | Reached skill level 10 in Evocations
 42135 | Vaults:5 | Found the +7 mace of Variability {chain chaos}
 42439 | Vaults:5 | Identified the Grimoire of Enthralling Earth
 42443 | Vaults:5 | Identified the Compendium of Heat and Bewitchment
 42447 | Vaults:5 | Identified the +1 scale mail of the Lobster {rC+}
 42455 | Vaults:5 | Learned a level 2 spell: Corpse Rot
 42708 | Vaults:5 | Found Hurghupn's Assorted Antiques.
 42716 | Vaults:5 | Bought a potion of heal wounds for 185 gold pieces
 42716 | Vaults:5 | Bought a glowing helmet for 277 gold pieces
 42913 | Depths:1 | Entered Level 1 of the Depths
 42918 | Depths:1 | Found a gateway to Hell.
 42933 | Depths:1 | Reached skill level 1 in Necromancy
 43106 | Depths:1 | Reached skill level 5 in Necromancy
 43106 | Depths:1 | Reached XP level 23. HP: 191/191 MP: 38/38
 43181 | Depths:1 | Noticed Aizul
 43194 | Depths:1 | Killed Aizul
 43365 | Depths:1 | Found a broken altar of Ashenzari.
 43478 | Depths:1 | Found a portal to a secret trove of treasure.
 43482 | Trove    | Entered a treasure trove
 43489 | Trove    | Identified the +6 war axe "Jidoyq" {distort, Str+3}
 43490 | Trove    | Identified the +7 mace "Myofygum" {vamp, rPois Int-4
                  | Stlth+}
 43493 | Trove    | Identified the +8 broad axe of Conscience {flame, *Noise
                  | Str+4 Stlth+}
 43795 | Depths:2 | Reached skill level 23 in Invocations
 43855 | Depths:2 | Paralysed by a great orb of eyes for 7 turns
 44127 | Depths:2 | Upgraded the game from 0.27-a0-830-ga1c911b16d to
                  | 0.27-a0-901-g8736458e1e
 44516 | Depths:3 | Found a one-way gate leading to the halls of Pandemonium.
 44530 | Depths:3 | Found a magical portal.
 44535 | WizLab   | Entered Wucad Mu's Monastery
 44827 | WizLab   | Found the +9 staff of Wucad Mu {*channel}
 44929 | WizLab   | Reached XP level 24. HP: 199/199 MP: 38/38
 45322 | Depths:2 | Acquired 1146 gold pieces
 45794 | Depths:3 | Reached skill level 24 in Invocations
 45821 | Depths:3 | Noticed Jory
 45834 | Depths:3 | Killed Jory
 45856 | Depths:3 | Found a sacrificial altar of Ru.
 45933 | Depths:3 | Found a broken altar of Ashenzari.
 46313 | Depths:4 | Found Qoticwail's Antique Weapon Boutique.
 46491 | Depths:4 | Found a one-way gate to the infinite horrors of the Abyss.
 46572 | Depths:4 | Identified the amulet of Guigam {Acrobat rC+ Will+ Dex+2}
 46632 | Depths:4 | Identified Ogiretz's Compendium of the Cankerous Escort
 46908 | Depths:4 | Identified the Handbook of Twisted Intoxication
 47052 | Depths:4 | Found a runed translucent door.
 47063 | Depths:4 | Paralysed by a floating eye for 2 turns
 47113 | Depths:4 | Gained mutation: You are immune to freezing clouds.
                  | [demonic ancestry]
 47113 | Depths:4 | Reached XP level 25. HP: 172/207 MP: 39/39
 47126 | Depths:4 | Reached skill level 15 in Armour
 47458 | Depths:5 | Entered Level 5 of the Depths
 47734 | Depths:5 | Found a gate to the Realm of Zot.
 47937 | Depths:5 | Found a gateway to a ziggurat.
 49209 | Elf:1    | Entered Level 1 of the Elven Halls
 49614 | Elf:1    | Reached skill level 25 in Invocations
 50108 | Elf:2    | Cast into level 2 of the Abyss (a deep elf sorcerer)
 50200 | Abyss:2  | Found a burning altar of Makhleb.
 50558 | Abyss:2  | Identified the +0 scale mail of Decompression {Contam rPois
                  | rN+ Regen+}
 50574 | Elf:2    | Escaped the Abyss
 50775 | Elf:2    | Found a runed translucent gate.
 50775 | Elf:2    | Found a runed translucent gate.
 50781 | Elf:2    | Found a runed translucent gate.
 51298 | Elf:3    | Entered Level 3 of the Elven Halls
 51440 | Elf:3    | Found Olamilae's Magic Scroll Shop.
 51448 | Elf:3    | Bought a scroll of enchant weapon for 97 gold pieces
 51448 | Elf:3    | Bought a scroll of identify for 26 gold pieces
 51448 | Elf:3    | Bought a scroll of silence for 97 gold pieces
 51448 | Elf:3    | Bought a scroll of teleportation for 39 gold pieces
 51489 | Elf:3    | Found Ataosil's Magic Scroll Shoppe.
 51489 | Elf:3    | Found Keur's Distillery.
 51510 | Elf:3    | Bought a potion of curing for 36 gold pieces
 51510 | Elf:3    | Bought a potion of heal wounds for 60 gold pieces
 51510 | Elf:3    | Bought a potion of might for 48 gold pieces
 51510 | Elf:3    | Bought a potion of curing for 36 gold pieces
 51524 | Elf:3    | Bought a scroll of teleportation for 39 gold pieces
 51524 | Elf:3    | Bought a scroll of enchant armour for 97 gold pieces
 51524 | Elf:3    | Bought a scroll of enchant weapon for 97 gold pieces
 51524 | Elf:3    | Bought a scroll of blinking for 97 gold pieces
 51524 | Elf:3    | Bought a scroll of magic mapping for 45 gold pieces
 51726 | Elf:3    | Identified the +12 halberd "Rummage" {flame, rF+}
 51726 | Elf:3    | Identified the ring of the Fifty Tables {Str+6 Slay+2}
 51731 | Elf:3    | Gained mutation: A frigid envelope surrounds you and
                  | freezes all who hurt you. [demonic ancestry]
 51731 | Elf:3    | Reached XP level 26. HP: 218/218 MP: 39/39
 51864 | Elf:3    | Cast into level 2 of the Abyss (a deep elf demonologist)
 51880 | Abyss:2  | Found a corrupted altar of Lugonu.
 51918 | Abyss:2  | Gained mutation: You sometimes lose the ability to read
                  | scrolls when taking damage. [a shining eye]
 51920 | Abyss:2  | Gained mutation: Your body sometimes deteriorates upon
                  | taking damage. [a shining eye]
 51968 | Elf:3    | Escaped the Abyss
 51969 | Elf:3    | Identified the +0 rapier "Zidghydd" {vamp, Str+3 Int+4}
 51970 | Elf:3    | Identified the +0 robe of Happiness {rF+ rN+ rCorr}
 52001 | Elf:3    | Identified the +1 scale mail "Magrous" {Rampage rN+ Dex+4
                  | Stlth-}
 52035 | Elf:3    | Identified the +1 pair of boots of the Valley of Death
                  | {rCorr MP+9 Dex+2}
 52036 | Elf:3    | Identified the +1 pair of gloves "Tozimie" {Int+3}
 52772 | Depths:1 | Lost mutation: Your muscles are strong. (Str +2) [a
                  | neqoxec]
 52913 | Zot:1    | Entered Level 1 of the Realm of Zot
 54078 | Zot:2    | Reached skill level 15 in Shields
 54110 | Zot:2    | Noticed an ancient lich
 54119 | Zot:2    | Killed an ancient lich
 54122 | Zot:2    | Lost mutation: You sometimes lose the ability to read
                  | scrolls when taking damage. [mutagenic glow]
 54138 | Zot:2    | Gained mutation: You occasionally shout uncontrollably at
                  | your foes. [mutagenic glow]
 54175 | Zot:2    | Gained mutation: You tend to lose your temper in combat.
                  | [mutagenic glow]
 54414 | Zot:2    | Reached XP level 27. HP: 137/218 MP: 39/39
 55126 | Zot:3    | Reached skill level 15 in Dodging
 56371 | Zot:4    | Reached skill level 26 in Invocations
 56825 | Zot:4    | Identified the +5 bardiche of the Distant Future {drain,
                  | rElec Int+5 Dex-4 SInv}
 56825 | Zot:4    | Found the +4 dragonskin cloak
 56825 | Zot:4    | Noticed Tiamat
 56853 | Zot:4    | Killed Tiamat
 57144 | Zot:4    | Identified Seifaumm's Papyrus of the Glacier and Black Arts
 57174 | Zot:4    | Identified the Tome of the Dark Birds
 58105 | Slime:1  | Entered Level 1 of the Pits of Slime
 58148 | Slime:2  | Found a shimmering altar of Xom.
 58695 | Slime:2  | Gained mutation: Your body often deteriorates upon taking
                  | damage. [a shining eye]
 58754 | Slime:2  | Reached skill level 27 in Invocations
 59055 | Slime:3  | Gained mutation: Armour fits poorly on your strangely
                  | shaped body. [a shining eye]
 59079 | Slime:3  | Lost mutation: Your body often deteriorates upon taking
                  | damage. [a shining eye]
 59080 | Slime:3  | Gained mutation: You are clumsy. (Dex -2) [a shining eye]
 59091 | Slime:3  | Gained mutation: You often lose your temper in combat. [a
                  | shining eye]
 59095 | Slime:3  | Gained mutation: You are weak. (Str -2) [a shining eye]
 59257 | Slime:4  | Lost mutation: You are weak. (Str -2) [a shining eye]
 59380 | Slime:3  | Found a viscous altar of Jiyva.
 60058 | Slime:5  | Entered Level 5 of the Pits of Slime
 60060 | Slime:5  | Noticed the Royal Jelly
 60105 | Slime:5  | Found a viscous altar of Jiyva.
 60106 | Slime:5  | Found the +8 Vampire's Tooth {vamp}
 60198 | Slime:5  | Killed the Royal Jelly
 60510 | Slime:5  | Gained mutation: You are occasionally teleported next to
                  | monsters. [a shining eye]
 60512 | Slime:5  | Gained mutation: You are frail. (-10% HP) [a shining eye]
 60513 | Slime:5  | Gained mutation: Your spells are a little easier to cast,
                  | but a little less powerful. [a shining eye]
 60514 | Slime:5  | Gained mutation: You are very clumsy. (Dex -4) [a shining
                  | eye]
 60516 | Slime:5  | Gained mutation: You are weak. (Str -2) [a shining eye]
 60517 | Slime:5  | Identified the ring of Zuit {Str+2 SInv}
 60586 | Slime:5  | Got a slimy rune of Zot
 60589 | Slime:5  | Identified the +8 chain mail "Ownoha" {rN+ rCorr Int-4
                  | Stlth+}
 60602 | Slime:5  | Identified Sif Muna's Tome of the Shifting Traveller
 60606 | Slime:5  | Identified the +1 pair of boots of the Forgotten Yaks {rN+}
 60666 | Slime:5  | Gained mutation: You are very frail. (-20% HP) [a shining
                  | eye]
 61105 | D:10     | Lost mutation: Your spells are a little easier to cast, but
                  | a little less powerful. [potion of mutation]
 61105 | D:10     | Lost mutation: You are very clumsy. (Dex -4) [potion of
                  | mutation]
 61105 | D:10     | Lost mutation: Your mind is acute. (Int +2) [potion of
                  | mutation]
 61105 | D:10     | Lost mutation: You are very frail. (-20% HP) [potion of
                  | mutation]
 61106 | D:10     | Lost mutation: You often lose your temper in combat.
                  | [potion of mutation]
 61106 | D:10     | Lost mutation: You occasionally shout uncontrollably at
                  | your foes. [potion of mutation]
 61106 | D:10     | Lost mutation: Armour fits poorly on your strangely shaped
                  | body. [potion of mutation]
 61106 | D:10     | Gained mutation: You expend magic power (3 MP) to
                  | strengthen your wands. [potion of mutation]
 61106 | D:10     | Lost mutation: You tend to lose your temper in combat.
                  | [potion of mutation]
 61106 | D:10     | Gained mutation: You have a pair of small horns on your
                  | head. [potion of mutation]
 61107 | D:10     | Lost mutation: You are weak. (Str -2) [potion of mutation]
 61107 | D:10     | Lost mutation: You have a pair of small horns on your head.
                  | [potion of mutation]
 61107 | D:10     | Lost mutation: You are frail. (-10% HP) [potion of
                  | mutation]
 61107 | D:10     | Gained mutation: You are robust. (+10% HP) [potion of
                  | mutation]
 61107 | D:10     | Gained mutation: Your movements are slightly less
                  | encumbered by armour. (ER -2) [potion of mutation]
 61108 | D:10     | Lost mutation: You are robust. (+10% HP) [potion of
                  | mutation]
 61108 | D:10     | Lost mutation: You are clumsy. (Dex -2) [potion of
                  | mutation]
 61108 | D:10     | Gained mutation: You are dopey. (Int -2) [potion of
                  | mutation]
 61108 | D:10     | Gained mutation: Your muscles are strong. (Str +2) [potion
                  | of mutation]
 61108 | D:10     | Gained mutation: You possess an exceptional clarity of
                  | mind. [potion of mutation]
 61109 | D:10     | Lost mutation: You are dopey. (Int -2) [potion of mutation]
 61109 | D:10     | Lost mutation: Your muscles are strong. (Str +2) [potion of
                  | mutation]
 61109 | D:10     | Gained mutation: You evolve. [potion of mutation]
 61109 | D:10     | Gained mutation: You heal very quickly. [potion of
                  | mutation]
 61110 | D:10     | Lost mutation: You evolve. [potion of mutation]
 61110 | D:10     | Lost mutation: You expend magic power (3 MP) to strengthen
                  | your wands. [potion of mutation]
 61110 | D:10     | Gained mutation: You are agile. (Dex +2) [potion of
                  | mutation]
 61110 | D:10     | Gained mutation: You are weak. (Str -2) [potion of
                  | mutation]
 61110 | D:10     | Gained mutation: You are very weak. (Str -4) [potion of
                  | mutation]
 61110 | D:10     | Gained mutation: You expend magic power (3 MP) to
                  | strengthen your wands. [potion of mutation]
 61915 | Zot:5    | Entered Level 5 of the Realm of Zot
 62082 | Zot:5    | Noticed a dread lich
 62082 | Zot:5    | Noticed an orb of fire
 62082 | Zot:5    | Noticed an orb of fire
 62082 | Zot:5    | Noticed an orb of fire
 62082 | Zot:5    | Lost mutation: You possess an exceptional clarity of mind.
                  | [an orb of fire]
 62084 | Zot:5    | Gained mutation: You tend to lose your temper in combat.
                  | [an orb of fire]
 62085 | Zot:5    | Lost mutation: You are agile. (Dex +2) [an orb of fire]
 62086 | Zot:5    | Killed from afar by an orb of fire

Illustrated notes

Levels and vault maps discovered:
D:1:      saegor_arrival_simple_b, layout_basic, minivault_11
D:2:      layout_loops_corners, lemuel_crystal_altar,
          nicolae_qazlal_scattered_showers,
          chequers_ecumenical_altar_simple_redux, kennysheep_generic_room_14,
          uniq_natasha, uniq_terence
D:3:      layout_basic, serial_glass, glass_columns_b, glass_columns_a
D:4:      minmay_chambers_of_threes, layout_gridville, fedhas_altar_fruit_tree,
          nicolae_ossuary_entry_ruins
D:5:      layout_loops_cross, general_overflow_altar, kennysheep_mini,
          nicolae_tso_carved_into_rock, minmay_temple_entry_wispy, serial_shops,
          shop, hangedman_decor_clover_reticule, amcnicky_mini_corridor_feature,
          led_xom_imps
D:6:      layout_cave_pools, nicolae_uskayaw_murder_on_the_dancefloor,
          nicolae_yredelemnul_corpse_copse, lemuel_round_altar,
          serial_gnoll_camp, gnoll_camp_mini_doghouse, gnoll_camp_mini_sergeant,
          gnoll_camp_mini_hut, gnoll_camp_huts_moat,
          minmay_shop_enchanted_jewellery
D:7:      cheibrodos_two_vegetables, layout_loops_ring,
          riverfiend_overflow_shadow_ancestor, marbit_many_paths,
          grunt_gozag_breadcrumbs
D:8:      layout_rooms, nicolae_overflow_crystal_walls
D:9:      layout_roguey, kennysheep_orc_monster_closet_entryway, uniq_joseph
D:10:     lemuel_ice_spiral_2, layout_stronghold, lair_entry_dummy,
          serial_shops, nicolae_shop_trees, kennysheep_mini_moat,
          due_unseen_surprise
D:11:     layout_loops_ring, serial_shops, shop, basic_altar, bloody_trog,
          uniq_grum
D:12:     layout_gridville, ebering_ghost_inner_flame, serial_shops, shop,
          minivault_16
D:13:     layout_roguey, portal_ice_cave_entry_ice_beasts, amethyst_killhole
D:14:     layout_gridville, hangedman_vaults_entry_quadrant_bands,
          minmay_crystal_water, special_room [special_room_mythical_zoo],
          minivault_20, drop_trap
D:15:     hangedman_depths_entry_try_elsewhere_first, layout_grid_maze,
          minmay_misc_feat_tower, yredelemnul_altar_generic
Temple:   corrupted_temple
Lair:1:   layout_layer_cave
Lair:2:   layout_cave_pods, minmay_lair_oklob_chamber
Lair:3:   layout_gridlike, lemuel_fruit_fields
Lair:4:   wad_woods_minihive, layout_loops_ring, minmay_shoals_entry_centaurs,
          minmay_snake_entry_guardpost_medium, gauntlet_entry_generic,
          kennysheep_abandoned_house
Lair:5:   layout_small_grid
Lair:6:   hangedman_lair_tendril_chambers, layout_cave_pods,
          guppyfry_lair_end_dragon, minmay_slime_entry_pillars,
          bobbens_dragon_lair_wall, lemuel_fruit_tree, uniq_snorg
Shoals:1: layout_shoals, nicolae_shoals_stone_sculpture_thing
Shoals:2: layout_shoals, serial_shops, shop, uniq_polyphemus, uniq_donald
Shoals:3: layout_shoals
Shoals:4: shoals_end_grunt_ice, layout_shoals, shoal_ilsuiw,
          hangedman_shoal_volcano
Snake:1:  layout_basic, nrook_loot_triangle, grunt_megastairs_5
Snake:2:  layout_rooms
Snake:3:  layout_onion, serial_shops, shop, basic_altar, grunt_megastairs_4
Snake:4:  grunt_snake_rune_spirals, layout_onion, nicolae_snake_single_loop,
          drop_trap
Slime:1:  layout_caves
Slime:2:  layout_caves, basic_altar
Slime:3:  layout_caves, basic_altar
Slime:4:  layout_caves
Slime:5
Orc:1:    layout_caves, serial_shops, shop, nicolae_alphabet_shops, uniq_urug,
          uniq_fannar
Orc:2:    st_orc_town, layout_caves, basic_altar, uniq_azrael
Elf:1:    minmay_elf_arrival_summoners, layout_onion_city,
          kennysheep_underground_church
Elf:2:    layout_rooms, nicolae_elf_big_sculpture_2, st_stairs_2
Elf:3:    minmay_elf_hall, layout_loops_corners, serial_shops, shop_fountains,
          shop, shop
Vaults:1: vaults_room_ringed_pool, v_misc_8, nicolae_vaults_bisected_exclaves,
          v_misc_29, vaults_mumra_lcd, vaults_dpeg_doors, grunt_vaults_diagonal,
          nicolae_vaults_little_squares_3, nicolae_vaults_puzzle_piece,
          v_misc_13, ontoclasm_vaults_loading_screen,
          nicolae_vaults_specimen_jars, nicolae_vaults_sealed_display,
          vaults_room_corners, layout_vaults_omnibox
Vaults:2: gammafunk_vaults_ghost_tricky_traps, minmay_crypt_entry_simple_plaza,
          grunt_vaults_hallway_short, hangedman_vaults_stretched_pinwheel,
          v_misc_19, hangedman_vaults_stream, ontoclasm_vaults_spin,
          v_alt_pattern_1, vaults_dpeg_ring, nicolae_vaults_yaktaur_gun_rack,
          layout_vaults_chaotic_city
Vaults:3: ontoclasm_vaults_tryst, hangedman_vaults_locks, vaults_room_fours,
          v_misc_1, nicolae_vaults_twisting_passages, nicolae_vaults_what_the_h,
          st_lines, vaults_room_corners, vaults_dpeg_cross, v_alt_pattern_4,
          grunt_vaults_hallway_short, vaults_dpeg_encased_lava,
          layout_vaults_omnicross
Vaults:4: nicolae_vaults_big_ls, nicolae_vaults_asterisk,
          nicolae_vaults_statue_guard, nicolae_vaults_puzzle_piece,
          hangedman_vaults_nails, nicolae_vaults_network_square, v_misc_9,
          vaults_room_octagon, layout_vaults_ring, serial_shops,
          nicolae_shop_stone
Vaults:5: serial_shops, uniq_xtahua, uniq_margery
Depths:1: layout_honeycomb, lemuel_crystal_altar, trove_entry_hex_spiral,
          hell_entry, hangedman_devilish_allure, uniq_aizul
Depths:2: minmay_bubble_buster, layout_cave_shapes, moated_statue,
          pf_hell_entry_great_geh, kennysheep_island_fort,
          infiniplex_staircase_trident
Depths:3: kennysheep_ogre_elephant_herders, layout_gridlike, hell_entry,
          nicolae_ru_sacrificial_ziggurat, pan_entry, serial_glass,
          glass_columns_a, glass_columns_b, glass_columns_a, glass_columns_b,
          glass_columns_b, glass_columns_b, glass_columns_a, glass_columns_b,
          glass_columns_a, glass_columns_a, mu_enter_wizlab_1,
          cheibrodos_ashenzari_chains, uniq_jory
Depths:4: minmay_chopped_fan, layout_cross, serial_sigils,
          serial_sigils_hangedman_confine, serial_sigils_hangedman_carve,
          serial_sigils_hangedman_quiver, serial_sigils_hangedman_scar,
          serial_shops, nicolae_shop_overgrown_old_shop, abyss_entry_glasseish,
          hell_entry, lightli_gold_pyramid
Depths:5: grunt_zot_entry_bicorn, layout_gridlike, enter_ziggurat_c,
          hangedman_abyss_or_decor_stabs, hell_entry, pan_entry
Zot:1:    layout_onion_interference, grunt_ministairs_4, grunt_megastairs_2
Zot:2:    grunt_deathspiral_small, layout_onion_interference, drop_trap
Zot:3:    layout_concentric_octagons, grunt_megastairs_3
Zot:4:    grunt_zot_stairs_overgrown, layout_concentric_octagons,
          lemuel_baited_zot_trap, grunt_ministairs_15, st_grand_hoard_of_tiamat
Zot:5:    layout_misc_corridors

Skill      XL: |  1  2  3  4  5  6  7  8  9 10 11 12 13 14 15 16 17 18 19 20 21 22 23 24 25 26 27 |
---------------+----------------------------------------------------------------------------------+-----
Axes           | 2 3 4 5 6 7 9 10 11 12 13 14 15 16 17 18 19 21 | 21.3
Dodging        | 1 2 4 6 8 9 10 11 13 15 | 15.3
Fighting       | 4 5 6 7 9 10 11 12 13 16 18 19 20 22 | 22.4
Armour         | 3 4 5 6 9 11 12 13 14 16 | 16.3
Shields        | 4 6 8 9 10 11 15 17 | 17.1
Invocations    | 3 7 9 11 12 14 15 16 18 19 20 22 23 24 25 27 | 27.0
Earth Magic    | 9 12 13 | 13.3
Throwing       | 4 8 9 |  9.0
Evocations     | 3 8 10 | 10.1
Necromancy     | 5 9 |  9.4

Action                   |  1- 3 |  4- 6 |  7- 9 | 10-12 | 13-15 | 16-18 | 19-21 | 22-24 | 25-27 || total
-------------------------+-------+-------+-------+-------+-------+-------+-------+-------+-------++-------
Melee: War axe           |    67 |   125 |   440 |   539 |  1073 |  1608 |  1165 |  1088 |  1898 ||  8003
       Kick              |     4 |    38 |   161 |   250 |   512 |       |   451 |   661 |  1236 ||  3313
       Hand axe          |       |       |       |       |    22 |    13 |       |       |       ||    35
       Broad axe         |       |       |       |       |       |     4 |       |       |       ||     4
Throw: Throwing net      |       |       |       |     1 |       |     1 |       |       |       ||     2
       Javelin           |       |       |       |       |       |     1 |    11 |       |    26 ||    38
 Cast: Lee's Rapid Decon |       |       |       |       |       |     1 |     3 |       |       ||     4
       Passwall          |       |       |       |       |       |       |       |       |     1 ||     1
Invok: Slouch            |       |       |       |       |     2 |     3 |     3 |     1 |     6 ||    15
       Step From Time    |       |       |       |       |       |       |       |       |     1 ||     1
Evoke: Wand              |       |       |       |    25 |    17 |    17 |     2 |     1 |     3 ||    65
       Condenser vane    |       |       |       |       |       |     1 |     1 |       |     1 ||     3
  Use: Scroll            |     7 |     5 |    11 |     7 |    12 |    14 |     6 |    11 |    12 ||    85
       Potion            |     1 |     2 |     5 |       |     6 |     1 |     1 |     4 |    16 ||    36
 Stab: Invisible         |       |       |       |       |     6 |       |       |       |       ||     6
       Petrified         |       |       |       |       |     2 |    12 |       |       |       ||    14
       Petrifying        |       |       |       |       |       |     2 |       |       |       ||     2
       Confused          |       |       |       |       |       |     2 |       |       |     3 ||     5
Armor: Scale mail        |    18 |    72 |   191 |   109 |       |   106 |    42 |       |       ||   538
       Skin              |       |       |     1 |       |       |       |       |       |       ||     1
       Pearl dragon scal |       |       |       |    75 |   298 |   357 |   218 |   553 |   438 ||  1939
Dodge: Dodged            |    25 |    46 |   139 |   297 |   721 |  1397 |   893 |   974 |  1091 ||  5583
Block: Kite shield       |    37 |    56 |   294 |   544 |  1104 |  1985 |  1245 |  1320 |  2131 ||  8716
       Reflection        |       |       |    21 |    18 |    40 |   144 |   111 |    24 |    97 ||   455
       Other             |       |       |       |       |       |       |       |       |     3 ||     3

Table legend: (Time is in decaauts)
 A = Elapsed time spent in this place.
 B = Non-inter-level travel time spent in this place.
 C = Inter-level travel time spent in this place.
 D = Time resting spent in this place.
 E = Time spent auto-exploring this place.
 F = Levels seen in this place.
 G = Mean time per level.
                   A        B        C        D        E       F      G
               +--------+--------+--------+--------+--------+-----+--------+
         Total |  93941 |  84331 |   9610 |   7880 |  58680 |  63 | 1491.1 |
       Dungeon |  23857 |  20433 |   3424 |   4490 |  12480 |  15 | 1590.5 |
        Temple |     62 |     39 |     23 |      0 |     27 |   1 |   62.0 |
          Lair |  13528 |  11924 |   1604 |    521 |   9510 |   6 | 2254.7 |
        Shoals |   5708 |   5335 |    373 |     20 |   3693 |   4 | 1427.0 |
     Snake Pit |   5861 |   5537 |    324 |      0 |   3846 |   4 | 1465.2 |
    Slime Pits |   4932 |   4515 |    417 |    279 |   3454 |   5 |  986.4 |
  Orcish Mines |   2778 |   2526 |    252 |      0 |   1815 |   2 | 1389.0 |
   Elven Halls |   4905 |   4702 |    203 |      0 |   3720 |   3 | 1635.0 |
        Vaults |  10760 |  10265 |    495 |    782 |   7651 |   5 | 2152.0 |
        Depths |   8711 |   7570 |   1141 |    377 |   5543 |   5 | 1742.2 |
           Zot |   8800 |   7449 |   1351 |    596 |   5499 |   5 | 1760.0 |
         Abyss |   1615 |   1615 |      0 |     71 |   1122 |   4 |  403.8 |
         Trove |     58 |     58 |      0 |      0 |      0 |   1 |   58.0 |
       Ossuary |    804 |    804 |      0 |    517 |      0 |   1 |  804.0 |
      Ice Cave |    942 |    942 |      0 |    190 |     15 |   1 |  942.0 |
        Wizlab |    613 |    613 |      0 |     34 |    301 |   1 |  613.0 |
               +--------+--------+--------+--------+--------+-----+--------+

Top non-repeatable levels by time:
  Lair:6: 3142 daAuts
Vaults:2: 2877 daAuts
  Lair:2: 2682 daAuts
  Lair:4: 2648 daAuts
Vaults:4: 2585 daAuts
   Zot:4: 2420 daAuts
    D:10: 2261 daAuts
     D:7: 2249 daAuts
   Zot:3: 2220 daAuts
Depths:5: 2178 daAuts
 Snake:4: 2138 daAuts
Vaults:5: 2043 daAuts
    D:14: 1990 daAuts
   Zot:1: 1968 daAuts
   Zot:2: 1958 daAuts
